 Dungeon Crawl Stone Soup version 0.21.1-1-g345015fe64 (webtiles) character file.

109 JarielCorvus the Magician (level 4, -7/24 HPs)
             Began as a Deep Elf Fire Elementalist on July 3, 2018.
             Killed by divine providence
             ... invoked by an orc priest
              (12 damage)
             ... on level 3 of the Dungeon.
             The game lasted 00:07:47 (2246 turns).

JarielCorvus the Magician (DEFE)                    Turns: 2246, Time: 00:07:47

Health: -7/24      AC:  2    Str:  5    XL:     4   Next: 59%
Magic:  10/13      EV: 13    Int: 21    God:
Gold:   122        SH:  0    Dex: 15    Spells: 4/13 levels left

rFire    . . .     SeeInvis .   r - +0 hunting sling
rCold    . . .     Gourm    .   (no shield)
rNeg     . . .     Faith    .   a - +0 robe
rPois    .         Spirit   .   (no helmet)
rElec    .         Reflect  .   (no cloak)
rCorr    .         Harm     .   (no gloves)
MR       .....                  (no boots)
Stlth    ++........             (no amulet)
HPRegen  0.08/turn              (no ring)
MPRegen  0.13/turn              (no ring)

@: no status effects
A: no striking features
a: no special abilities


You were on level 3 of the Dungeon.
You were not hungry.

You visited 1 branch of the dungeon, and saw 3 of its levels.

You collected 122 gold pieces.

Inventory:

Hand Weapons
 p - a +0 mace
 r - a +0 hunting sling (weapon)
Missiles
 o - 30 sling bullets (quivered)
Armour
 a - a +0 robe (worn)
 f - a cursed +0 robe
Jewellery
 d - an uncursed ring of protection from magic {unknown}
Scrolls
 j - a scroll of identify {unknown}
 k - a scroll of random uselessness {unknown}
 l - a scroll of remove curse {unknown}
 m - a scroll of fear {unknown}
Potions
 e - 2 potions of curing {unknown}
 g - 2 potions of brilliance {unknown}
 h - a potion of degeneration {unknown}
 i - a potion of lignification {unknown}
 n - a potion of agility {unknown}
 q - a potion of heal wounds {unknown}
Books
 b - a book of Flames

   Spells                             Type                      Level
   a - Flame Tongue                   Conjuration/Fire             1
   b - Throw Flame                    Conjuration/Fire             2
   c - Conjure Flame                  Conjuration/Fire             3
   d - Inner Flame                    Hexes/Fire                   3
   e - Sticky Flame                   Conjuration/Fire             4
   f - Fireball                       Conjuration/Fire             5
Comestibles
 c - 5 rations


   Skills:
 - Level 2.4 Dodging
 - Level 2.4 Stealth
 * Level 5.1 Spellcasting
 + Level 2.4 Conjurations
 + Level 4.1 Fire Magic


You had 4 spell levels left.
You knew the following spells:

 Your Spells              Type           Power        Failure   Level  Hunger
a - Flame Tongue          Conj/Fire      ###..        2%          1    None
b - Throw Flame           Conj/Fire      ###...       4%          2    None
c - Conjure Flame         Conj/Fire      ###.....     9%          3    ##.....
d - Inner Flame           Hex/Fire       ##......     14%         3    ##.....


Dungeon Overview and Level Annotations

Branches:
Dungeon (3/15)

Altars:
Makhleb


Message History

* * * LOW HITPOINT WARNING * * *
You see here a bat corpse.
Casting: Flame Tongue
Confirm with . or Enter, or press ? or * to list all spells.
Aiming: Flame Tongue
Press: ? - help, Shift-Dir - straight line, f/p - orc priest
Aim: an orc priest, wielding a flail The flame tongue hits the orc priest.
The orc priest is severely wounded.
Casting: Flame Tongue
Confirm with . or Enter, or press ? or * to list all spells.
Aiming: Flame Tongue
Press: ? - help, Shift-Dir - straight line, f/p - orc priest
Aim: an orc priest, wielding a flail (severely wounded)
The flame tongue hits the orc priest.
The orc priest is almost dead.
The orc priest mumbles some strange prayers to Beogh against you.
Beogh smites you!
Ouch! That really hurt!
You die...

.......[.......#>.†.)).#
........####.#...#######
.....#### #.##.## #####
#....# ###..# #..# #..#
#(.# #@.# #o.# #o.# <...
#.#.# #..... .o#)#..
.......#


You could see 2 orc priests and an orc.

Vanquished Creatures
  Jessica (D:3)
  Robin (D:3)
  2 adders (D:2)
  2 leopard geckos (D:1)
  3 giant cockroaches (D:1)
  8 goblins
  6 hobgoblins
  4 jackals (D:2)
  A quokka (D:3)
  9 bats
  2 frilled lizards
  6 kobolds
  6 rats
51 creatures vanquished.

Notes
Turn   | Place    | Note
-------+----------+-------------------------------------------
     0 | D:1      | JarielCorvus the Deep Elf Fire Elementalist began the quest for the Orb.
     0 | D:1      | Reached XP level 1. HP: 10/10 MP: 6/6
   299 | D:1      | Reached XP level 2. HP: 15/15 MP: 1/8
   303 | D:1      | Learned a level 2 spell: Throw Flame
   748 | D:1      | Reached skill level 4 in Spellcasting
   986 | D:2      | Reached XP level 3. HP: 18/19 MP: 4/10
  1620 | D:2      | Found a burning altar of Makhleb.
  1689 | D:2      | Found a faded altar of an unknown god.
  2011 | D:2      | Learned a level 3 spell: Conjure Flame
  2015 | D:2      | Learned a level 3 spell: Inner Flame
  2047 | D:3      | Noticed Jessica
  2048 | D:3      | Killed Jessica
  2048 | D:3      | Reached XP level 4. HP: 19/24 MP: 10/12
  2119 | D:3      | Noticed Robin
  2119 | D:3      | Reached skill level 5 in Spellcasting
  2125 | D:3      | Killed Robin
  2246 | D:3      | Killed from afar by an orc priest

Skill      XL: |  1  2  3  4 |
---------------+-------------+-----
Spellcasting   | 4 5 |  5.1
Conjurations   | 2 |  2.4
Fire Magic     | 4 |  4.1
Dodging        | |  2.4
Stealth        | |  2.4

Action                   |  1- 3 |  4- 6 || total
-------------------------+-------+-------++-------
Melee: Mace              |     4 |       ||     4
       Unarmed           |     4 |       ||     4
 Fire: Hunting sling     |       |     4 ||     4
 Cast: Flame Tongue      |    54 |    17 ||    71
       Throw Flame       |    17 |     3 ||    20
       Conjure Flame     |       |     1 ||     1
  Use: Scroll            |     1 |       ||     1
  Eat: Chunk             |     2 |       ||     2
       Ration            |     1 |       ||     1
Armor: Robe              |    16 |     1 ||    17
Dodge: Dodged            |    38 |     2 ||    40
